| TOP OF THE 1ST |
|
San Jose Giants batting - Pitching for Columbia Fireflies : RHP Andy Carrell
|
|
Pitching: RHP Andy Carrell
|
|
|
Batting: RHB Edwin Verdugo
|
0-0: Foul Ball, location: 2F 0-1: SINGLE (Flyball, 56D, EV 86.9 MPH)
|
|
Batting: RHB Frank Pena
|
0-0: Ball 1-0: Ball Edwin Verdugo steals 2nd base 2-0: Called Strike 2-1: Ball 3-1: Fly out, F7 (Line Drive, 78M, EV 103.1 MPH)
|
|
Batting: RHB Zach Maguire
|
0-0: Called Strike 0-1: Ball 1-1: Ball 2-1: Ball 3-1: SINGLE (Groundball, 5S, EV 67.5 MPH) (infield hit) Edwin Verdugo to third
|
|
Batting: RHB Tony Harper
|
0-0: Called Strike 0-1: Called Strike 0-2: Reached on error, E4 (Groundball, 4, EV 79.4 MPH) Edwin Verdugo scores Zach Maguire to second
|
|
Batting: RHB Josh Truell
|
0-0: Ball 1-0: Called Strike 1-1: Ball 2-1: Fielders Choice at 2nd, 6-4 (Groundball, 6, EV 104.4 MPH) Zach Maguire to third
|
|
Batting: LHB Chris West
|
0-0: Fielders Choice at 2nd, 6-4 (Groundball, 6, EV 80.0 MPH)
|
| Top of the 1st over - 1 run, 2 hits, 1 error, 2 left on base; San Jose 1 - Columbia 0 |
| BOTTOM OF THE 1ST |
|
Columbia Fireflies batting - Pitching for San Jose Giants : LHP Jordan Ruiz
|
|
Pitching: LHP Jordan Ruiz
|
|
|
Batting: RHB Elias Urbina
|
0-0: Called Strike 0-1: Ball 1-1: Ground out U3 (Groundball, 34, EV 90.6 MPH)
|
|
Batting: RHB Larry Shoop
|
0-0: Foul Ball, location: 2F 0-1: Ball 1-1: Foul Ball, location: 2F 1-2: Ball 2-2: Foul Ball, location: 2F 2-2: Ball 3-2: Reached on error, E5 (Groundball, 5, EV 104.4 MPH)
|
|
Batting: RHB Masaya Nakamura
|
0-0: Ball 1-0: Grounds into double play, 6-4-3 (Groundball, 6, EV 101.2 MPH)
|
| Bottom of the 1st over - 0 runs, 0 hits, 1 error, 0 left on base; San Jose 1 - Columbia 0 |
| TOP OF THE 2ND |
|
San Jose Giants batting - Pitching for Columbia Fireflies : RHP Andy Carrell
|
|
Batting: RHB Jaime Rios
|
0-0: Ball 1-0: Swinging Strike 1-1: Foul Ball, location: 2F 1-2: Ground out 5-3 (Groundball, 56, EV 85.0 MPH)
|
|
Batting: RHB Bob Schweiger
|
0-0: Ball 1-0: Ball 2-0: Ground out 5-3 (Groundball, 56, EV 80.6 MPH)
|
|
Batting: RHB Harry Dickson
|
0-0: Ground out 5-3 (Groundball, 56, EV 81.9 MPH)
|
| Top of the 2nd over - 0 runs, 0 hits, 0 errors, 0 left on base; San Jose 1 - Columbia 0 |
| BOTTOM OF THE 2ND |
|
Columbia Fireflies batting - Pitching for San Jose Giants : LHP Jordan Ruiz
|
|
Batting: RHB Jose Lara
|
0-0: Ball 1-0: Called Strike 1-1: Foul Ball, location: 2F 1-2: Fly out, F2 (Popup, 25F, EV 88.1 MPH)
|
|
Batting: SHB Justin Wallace
|
0-0: Ball 1-0: Foul Ball, location: 2F 1-1: Foul Ball, location: 2F 1-2: Ball 2-2: Ball 3-2: Foul Ball, location: 2F 3-2: Foul Ball, location: 2F 3-2: Foul Ball, location: 2F 3-2: Foul Ball, location: 2F 3-2: Base on Balls
|
|
Batting: RHB Dan Muse
|
0-0: Ball 1-0: Swinging Strike 1-1: Ball 2-1: Ball 3-1: Base on Balls Justin Wallace to second
|
|
Batting: RHB Andy Carrell
|
0-0: Foul Ball, location: 2F 0-1: SINGLE (Groundball, 56D, EV 94.4 MPH) Justin Wallace to third Dan Muse to second Runner from 3rd tries for Home, SAFE, throw by LF to home
|
|
Batting: LHB Preston Knaak
|
0-0: Ball 1-0: Foul Ball, location: 2F 1-1: Foul Ball, location: 2F 1-2: Ball 2-2: Ball 3-2: Base on Balls Dan Muse to third Andy Carrell to second
|
|
Batting: RHB Fathi Addae
|
0-0: SINGLE (Line Drive, 89M, EV 102.5 MPH) Dan Muse scores Andy Carrell to third Preston Knaak to second Throwing error, E9 Andy Carrell scores Preston Knaak to third Fathi Addae to second
|
|
Batting: RHB Elias Urbina
|
0-0: Ball 1-0: Ball 2-0: Ball 3-0: Base on Balls
|
|
Batting: RHB Larry Shoop
|
0-0: Ball 1-0: DOUBLE (Groundball, 5L, EV 100.6 MPH) Preston Knaak scores Fathi Addae scores Elias Urbina to third
|
|
Pitching: RHP Hiroaki Yazawa
|
|
|
Batting: RHB Masaya Nakamura
|
0-0: Ball 1-0: Ground out 5-3 (Groundball, 56, EV 91.9 MPH) Elias Urbina scores
|
|
Batting: RHB Jose Lara
|
0-0: SINGLE (Flyball, 9, EV 83.1 MPH) Larry Shoop to third Runner from 3rd tries for Home, SAFE, throw by RF to home
|
|
Batting: SHB Justin Wallace
|
0-0: Called Strike 0-1: Called Strike 0-2: Foul Ball, location: 2F 0-2: Strikes out looking
|
| Bottom of the 2nd over - 7 runs, 4 hits, 1 error, 1 left on base; San Jose 1 - Columbia 7 |
| TOP OF THE 3RD |
|
San Jose Giants batting - Pitching for Columbia Fireflies : RHP Andy Carrell
|
|
Batting: RHB Edwin Verdugo
|
0-0: Swinging Strike 0-1: Ball 1-1: Foul Ball, location: 2F 1-2: Ball 2-2: Ball 3-2: Strikes out looking
|
|
Batting: RHB Frank Pena
|
0-0: Called Strike 0-1: Ball 1-1: Called Strike 1-2: Ball 2-2: SINGLE (Line Drive, 9S, EV 98.1 MPH)
|
|
Batting: RHB Zach Maguire
|
0-0: Fly out, F8 (Line Drive, 8RD, EV 84.4 MPH)
|
|
Batting: RHB Tony Harper
|
0-0: Ball 1-0: Ball 2-0: Ball Frank Pena steals 2nd base 3-0: Called Strike 3-1: Fly out, F7 (Flyball, 7D, EV 101.2 MPH)
|
| Top of the 3rd over - 0 runs, 1 hit, 0 errors, 1 left on base; San Jose 1 - Columbia 7 |
| BOTTOM OF THE 3RD |
|
Columbia Fireflies batting - Pitching for San Jose Giants : RHP Hiroaki Yazawa
|
|
Batting: RHB Dan Muse
|
0-0: Ball 1-0: Called Strike 1-1: Swinging Strike 1-2: Foul Ball, location: 2F 1-2: Strikes out swinging
|
|
Batting: RHB Andy Carrell
|
0-0: SINGLE (Line Drive, 7S, EV 106.2 MPH)
|
|
Batting: LHB Preston Knaak
|
0-0: Foul Ball, location: 2F 0-1: Ball 1-1: Fielders Choice at 2nd, 5-4 (Groundball, 56, EV 88.8 MPH)
|
|
Batting: RHB Fathi Addae
|
0-0: Ball 1-0: Ball 2-0: Fielders Choice at 2nd, 6-4 (Groundball, 6, EV 83.8 MPH)
|
| Bottom of the 3rd over - 0 runs, 1 hit, 0 errors, 1 left on base; San Jose 1 - Columbia 7 |
| TOP OF THE 4TH |
|
San Jose Giants batting - Pitching for Columbia Fireflies : RHP Andy Carrell
|
|
Batting: RHB Josh Truell
|
0-0: Swinging Strike 0-1: Called Strike 0-2: Ball 1-2: Strikes out swinging
|
|
Batting: LHB Chris West
|
0-0: Called Strike 0-1: Foul Ball, location: 2F 0-2: Ball 1-2: Foul Ball, location: 2F 1-2: SINGLE (Line Drive, 4MD, EV 105.6 MPH)
|
|
Batting: RHB Jaime Rios
|
0-0: Ball 1-0: Ball 2-0: Ball 3-0: Called Strike 3-1: SINGLE (Line Drive, 56, EV 95.0 MPH) Chris West to second
|
|
Batting: RHB Bob Schweiger
|
0-0: Foul Ball, location: 2F 0-1: Called Strike 0-2: Grounds into double play, 6-4-3 (Groundball, 6, EV 105.0 MPH)
|
| Top of the 4th over - 0 runs, 2 hits, 0 errors, 1 left on base; San Jose 1 - Columbia 7 |
| BOTTOM OF THE 4TH |
|
Columbia Fireflies batting - Pitching for San Jose Giants : RHP Hiroaki Yazawa
|
|
Batting: RHB Elias Urbina
|
0-0: Ball 1-0: Fly out, F9 (Flyball, 9, EV 96.2 MPH)
|
|
Batting: RHB Larry Shoop
|
0-0: Called Strike 0-1: Swinging Strike 0-2: Ball 1-2: Ball 2-2: Strikes out swinging
|
|
Batting: RHB Masaya Nakamura
|
0-0: Ball 1-0: Called Strike 1-1: Ball 2-1: Foul Ball, location: 2F 2-2: Ball 3-2: Foul Ball, location: 2F 3-2: Foul Ball, location: 2F 3-2: Ground out 6-3 (Groundball, 6S, EV 71.9 MPH)
|
| Bottom of the 4th over - 0 runs, 0 hits, 0 errors, 0 left on base; San Jose 1 - Columbia 7 |
| TOP OF THE 5TH |
|
San Jose Giants batting - Pitching for Columbia Fireflies : RHP Andy Carrell
|
|
Batting: RHB Harry Dickson
|
0-0: Reached on error, E5 (Groundball, 56, EV 97.5 MPH)
|
|
Batting: RHB Edwin Verdugo
|
0-0: Foul Ball, location: 2F 0-1: Called Strike Harry Dickson is caught stealing 2nd base 2-4 0-2: Foul Ball, location: 2F 0-2: SINGLE (Line Drive, 56D, EV 94.4 MPH)
|
|
Batting: RHB Frank Pena
|
0-0: Ball 1-0: Ball 2-0: Ball 3-0: Base on Balls Edwin Verdugo to second
|
|
Batting: RHB Zach Maguire
|
0-0: Ball 1-0: Ball 2-0: Ball 3-0: Base on Balls Edwin Verdugo to third Frank Pena to second
|
|
Batting: RHB Tony Harper
|
0-0: Foul Ball, location: 2F 0-1: Ball 1-1: Foul Ball, location: 2F 1-2: Strikes out looking
|
|
Batting: RHB Josh Truell
|
0-0: Swinging Strike 0-1: Called Strike 0-2: Ball 1-2: Fly out, F7 (Line Drive, 78M, EV 110.0 MPH)
|
| Top of the 5th over - 0 runs, 1 hit, 1 error, 3 left on base; San Jose 1 - Columbia 7 |
| BOTTOM OF THE 5TH |
|
Columbia Fireflies batting - Pitching for San Jose Giants : RHP Hiroaki Yazawa
|
|
Batting: RHB Jose Lara
|
0-0: Called Strike 0-1: Ball 1-1: Foul Ball, location: 2F 1-2: Foul Ball, location: 2F 1-2: Foul Ball, location: 2F 1-2: Ground out 5-3 (Groundball, 56, EV 83.1 MPH)
|
|
Pitching: LHP Christian Rogers
|
|
|
Batting: SHB Justin Wallace
|
0-0: Fly out, F8 (Flyball, 8RD, EV 82.5 MPH)
|
|
Batting: RHB Dan Muse
|
0-0: Swinging Strike 0-1: Foul Ball, location: 2F 0-2: Strikes out swinging
|
| Bottom of the 5th over - 0 runs, 0 hits, 0 errors, 0 left on base; San Jose 1 - Columbia 7 |
| TOP OF THE 6TH |
|
San Jose Giants batting - Pitching for Columbia Fireflies : RHP Andy Carrell
|
|
Pitching: RHP Jason Horvath
|
|
|
Batting: LHB Chris West
|
0-0: Called Strike 0-1: Fly out, F7 (Flyball, 7, EV 90.6 MPH)
|
|
Batting: RHB Jaime Rios
|
0-0: Ground out 5-3 (Groundball, 5D, EV 108.1 MPH)
|
|
Batting: RHB Bob Schweiger
|
0-0: Called Strike 0-1: Ball 1-1: Ball 2-1: Ball 3-1: Base on Balls
|
|
Batting: RHB Harry Dickson
|
0-0: Foul Ball, location: 2F 0-1: Ball Wild Pitch! Bob Schweiger to second 1-1: Ball 2-1: Called Strike 2-2: Strikes out swinging
|
| Top of the 6th over - 0 runs, 0 hits, 0 errors, 1 left on base; San Jose 1 - Columbia 7 |
| BOTTOM OF THE 6TH |
|
Columbia Fireflies batting - Pitching for San Jose Giants : LHP Christian Rogers
|
|
Batting: RHB Andy Carrell
|
0-0: Ball 1-0: Ball 2-0: Swinging Strike 2-1: Ground out 6-3 (Groundball, 6, EV 82.5 MPH)
|
|
Batting: LHB Preston Knaak
|
0-0: Called Strike 0-1: Ball 1-1: Called Strike 1-2: Strikes out looking
|
|
Pitching: RHP Jay Kouns
|
|
|
Batting: RHB Fathi Addae
|
0-0: Foul Ball, location: 2F 0-1: Ball 1-1: Swinging Strike 1-2: Strikes out swinging
|
| Bottom of the 6th over - 0 runs, 0 hits, 0 errors, 0 left on base; San Jose 1 - Columbia 7 |
| TOP OF THE 7TH |
|
San Jose Giants batting - Pitching for Columbia Fireflies : RHP Jason Horvath
|
|
Batting: RHB Edwin Verdugo
|
0-0: Ground out 4-3 (Groundball, 4, EV 101.2 MPH)
|
|
Batting: RHB Frank Pena
|
0-0: Foul Ball, location: 2F 0-1: Ball 1-1: Ground out 1-3 (Groundball, P, EV 66.2 MPH)
|
|
Batting: RHB Zach Maguire
|
0-0: Ball 1-0: Ball 2-0: Ground out 5-3 (Groundball, 5S, EV 86.9 MPH)
|
| Top of the 7th over - 0 runs, 0 hits, 0 errors, 0 left on base; San Jose 1 - Columbia 7 |
| BOTTOM OF THE 7TH |
|
Columbia Fireflies batting - Pitching for San Jose Giants : RHP Jay Kouns
|
|
Batting: RHB Elias Urbina
|
0-0: Ball 1-0: Foul Ball, location: 2F 1-1: Foul Ball, location: 2F 1-2: Foul Ball, location: 2F 1-2: Ball 2-2: Hit by Pitch
|
|
Batting: RHB Larry Shoop
|
0-0: Ball 1-0: Ball 2-0: Ball 3-0: Called Strike 3-1: Called Strike 3-2: Base on Balls Elias Urbina to second
|
|
Batting: RHB Masaya Nakamura
|
0-0: Foul Ball, location: 2F 0-1: Ball 1-1: Ball 2-1: Fly out, F8 (Flyball, 8RXD, EV 83.1 MPH) Runner from 2nd tags up, SAFE at 3rd, no throw by CF
|
|
Batting: RHB Jose Lara
|
0-0: Ball 1-0: Fly out, F9 (Flyball, 9LSF, EV 93.1 MPH) Runner from 3rd tags up, SCORES, throw by RF
|
|
Batting: SHB Justin Wallace
|
0-0: Called Strike Larry Shoop steals 2nd base 0-1: Called Strike 0-2: Foul Ball, location: 2F 0-2: Ball 1-2: Ball 2-2: Foul Ball, location: 2F 2-2: 2-RUN HOME RUN (Flyball, 89XD, EV 98.8 MPH), Distance : 382 ft
|
|
Batting: RHB Dan Muse
|
0-0: Called Strike 0-1: Ball 1-1: Called Strike 1-2: Ball 2-2: Strikes out swinging
|
| Bottom of the 7th over - 3 runs, 1 hit, 0 errors, 0 left on base; San Jose 1 - Columbia 10 |
| TOP OF THE 8TH |
|
San Jose Giants batting - Pitching for Columbia Fireflies : RHP Jason Horvath
|
|
Pinch Hitting: RHB Malik Sharpless
|
0-0: Swinging Strike 0-1: Ball 1-1: SINGLE (Groundball, 5S, EV 70.6 MPH) (infield hit)
|
|
Batting: RHB Josh Truell
|
0-0: Ball 1-0: Called Strike 1-1: Ball 2-1: Foul Ball, location: 2F 2-2: Fielders Choice at 2nd, 3-6 (Groundball, 34, EV 105.0 MPH)
|
|
Batting: LHB Chris West
|
0-0: Ball 1-0: Called Strike 1-1: Ball 2-1: Ball 3-1: Base on Balls Josh Truell to second
|
|
Pitching: LHP Keith Noftall
|
|
|
Batting: RHB Jaime Rios
|
0-0: Called Strike 0-1: Ball 1-1: Grounds into double play, 6-4-3 (Groundball, 6, EV 83.8 MPH)
|
| Top of the 8th over - 0 runs, 1 hit, 0 errors, 1 left on base; San Jose 1 - Columbia 10 |
| BOTTOM OF THE 8TH |
|
Columbia Fireflies batting - Pitching for San Jose Giants : RHP Jay Kouns
|
|
Pitching: RHP Nick McDade
|
|
|
Now at 3B: Malik Sharpless
|
|
|
Batting: RHB T.J. Spina
|
0-0: Foul Ball, location: 2F 0-1: Foul Ball, location: 2F 0-2: Strikes out looking
|
|
Batting: LHB Preston Knaak
|
0-0: Ball 1-0: Ball 2-0: Foul Ball, location: 2F 2-1: Fly out, F8 (Flyball, 78M, EV 96.2 MPH)
|
|
Batting: RHB Fathi Addae
|
0-0: Called Strike 0-1: Foul Ball, location: 2F 0-2: Ball 1-2: Strikes out swinging
|
| Bottom of the 8th over - 0 runs, 0 hits, 0 errors, 0 left on base; San Jose 1 - Columbia 10 |
| TOP OF THE 9TH |
|
San Jose Giants batting - Pitching for Columbia Fireflies : LHP Keith Noftall
|
|
Batting: RHB Bob Schweiger
|
0-0: Ball 1-0: Ground out 5-3 (Groundball, 5D, EV 78.8 MPH)
|
|
Batting: RHB Harry Dickson
|
0-0: Ball 1-0: Ball 2-0: SINGLE (Groundball, 4MD, EV 100.0 MPH)
|
|
Batting: RHB Edwin Verdugo
|
0-0: Ball 1-0: Ball 2-0: Ball 3-0: Called Strike 3-1: Fielders Choice at 2nd, 5-4 (Groundball, 56, EV 106.2 MPH)
|
|
Pinch Hitting: LHB Steve Nevis
|
0-0: Ball 1-0: Fly out, F5 (Popup, 56S, EV 86.9 MPH)
|
| Top of the 9th over - 0 runs, 1 hit, 0 errors, 1 left on base; San Jose 1 - Columbia 10 |
|